wizbiz, neutral female human Wizard ---- # ## .@.| # [ Y*. #+ ##%. | ###| ## # .| @ # |..... ########### -......| ------### ----- # ------- m m |.....# # S .....|# ## |...<.############ # ------# # -------### r ##-......### |.....|##### |.....|##### |..p...# ####------- |.....| ####-.....| ------- # |...<.| ##......| ------- wizbiz the Thaumaturge Experience level: 7 Strength: 13 Dexterity: 10 Constitution: 18 Intelligence: 18 Wisdom: 13 Charisma: 9 Health: 0(62) Energy: 30(66) Def: 4 Gold: 36 Moves: 6553 Dungeon seed: oarVpEjpyLRmdBEw Game ID: wizbiz_1525718120 Your Inventory: Coins $ - 36 gold pieces Amulets E - an uncursed amulet versus poison (being worn) Weapons X - the rustproof +0 Magicbane (weapon in hand) Armor e - an uncursed +0 cloak of magic resistance (being worn) z - an uncursed +0 studded leather armor (being worn) Scrolls H - an uncursed scroll of teleportation Potions F - a blessed potion of extra healing G - a blessed potion of healing Rings c - an uncursed ring of warning (on left hand) d - an uncursed +2 ring of increase damage (on right hand) A - a cursed ring of invisibility Wands b - a wand of sleep (0:7) y - a wand of enlightenment (0:14) Tools a - an uncursed sack n - a magic marker (0:96) Contents of the sack: 509 gold pieces 3 uncursed scrolls of blank paper a cursed scroll of blank paper 2 uncursed scrolls of earth an uncursed scroll of enchant armor an uncursed scroll of remove curse an uncursed scroll of teleportation an uncursed spellbook of extra healing a blessed spellbook of force bolt a cursed potion of gain energy an uncursed potion of invisibility an uncursed potion of object detection an uncursed potion of oil an uncursed potion of sickness an uncursed potion of water an uncursed dilithium crystal 2 uncursed worthless pieces of green glass an uncursed worthless piece of orange glass Spells and supernatural/magical abilities: Name Level Category Fail Memory a - force bolt 1 attack 0% 68% k - knock 1 matter 0% 85% u - confuse monster 2 enchantment 0% 73% x - extra healing 3 healing 77% 89% K - cure sickness 3 healing 77% 68% W - pray for help -- divine ? -- Your skills at the end: Fighting Skills Weapon Skills quarterstaff [Basic] Spellcasting Skills attack spells [Skilled] enchantment spells [Basic] Final Attributes: You were piously aligned. You were poison resistant. You were magic-protected. You were blinded. You were telepathic. You were warned. You had a +2 damage bonus. You were unlucky. You are dead. Vanquished creatures: 4 small mimics an ettin zombie 2 wolves a leprechaun an orc-captain a lizard a jaguar a dwarf lord a rock piercer 2 fog clouds 3 yellow lights a shrieker a violet fungus a red naga hatchling a guardian naga hatchling 2 ghouls a paper golem 5 giant ants a little dog 2 floating eyes 2 kittens 2 homunculi 6 rothes a centipede a giant bat 4 orc zombies a dwarf zombie 5 iguanas 10 killer bees 3 acid blobs a hobbit 2 cave spiders a brown mold 2 yellow molds 3 green molds a red mold a gnome 11 garter snakes 2 gnome zombies 5 geckos 9 jackals 2 foxes 2 kobolds a goblin 2 sewer rats 5 grid bugs 2 bats 5 lichens a kobold zombie 7 newts 133 creatures vanquished. Voluntary challenges: You used a wielded weapon 136 times, starting on turn 20. You read items or engraved 23 times, starting on turn 999. You never genocided any monsters. You never polymorphed an object. You never changed form. You used no wishes. You never split a pudding. You never wrote Elbereth's name. You violated your moral code, losing 82 points of alignment, starting on turn 4299. Dungeon overview: The Dungeons of Doom: levels 1 to 7 Level 1 a fountain, a sink a long staircase Level 2 an altar to Thoth, a fountain, a sink Level 3 a general store, an altar to Anhur, some fountains Level 4 an armor shop stairs to The Gnomish Mines Level 5 a scroll shop Level 6 many fountains Level 7 <- You were here stairs to Sokoban The Gnomish Mines: Level 5 stairs to The Dungeons of Doom Sokoban: Level 6 stairs to The Dungeons of Doom History has recorded: On T:1 you entered the Dungeons of Doom to retrieve the Amulet of Yendor! On T:214 you reached level 2 of The Dungeons of Doom. On T:679 you advanced to experience level 2. On T:825 you reached level 3 of The Dungeons of Doom. On T:1013 you advanced to experience level 3. On T:1204 you advanced to experience level 4. On T:1362 you reached level 4 of The Dungeons of Doom. On T:1641 you reached level 1 of The Gnomish Mines. On T:1659 you reached level 5 of The Dungeons of Doom. On T:2207 you advanced to experience level 5. On T:2673 you advanced to experience level 6. On T:2895 you received Magicbane from Thoth. On T:3445 you advanced to experience level 7. On T:4195 you reached level 6 of The Dungeons of Doom. On T:5067 you reached level 7 of The Dungeons of Doom. On T:5240 you reached level 4 of Sokoban. Score breakdown: Gold: 545 ( 9310 points) Experience: 7 levels (13645 points) Exploration: 7 levels ( 15.22%) (10954 points) Discoveries: 15 items ( 5.23%) ( 6858 points) Valuables value: (no points given unless you survive) Artifact value: 3500 (12056 points) Variety of kills: 50 monsters ( 13.12%) (10867 points) Turncount: 6553 turns (-1754 points) Survival: died (score multiplied by 80%) Total score: 49548 Latest messages: You stop searching. The magic-absorbing blade probes the yeti! The probe is insightful. Status of the yeti (neutral): Level 5 HP 27(27) Def 4. The yeti is not carrying anything. The yeti hits! (2x) The yeti bites! The spell hits the yeti! The yeti hits! (2x) The yeti bites! The spell hits the yeti! The yeti hits! (2x) The yeti bites! The yeti hits! (2x) The yeti bites! The spell misses the yeti. The yeti hits! (2x) The yeti bites! You die... Final status: Goodbye wizbiz the Wizard, killed by a yeti... You died in The Dungeons of Doom on dungeon level 7 with 49548 points, and 545 pieces of gold, after 6553 moves. You were level 7 with a maximum of 62 hit points when you died.